 Dungeon Crawl Stone Soup version 0.26-a0-971-g1d9d62bb61 (webtiles) character file.

Game seed: 3958665409537101196

20 sahdkjhfkaj the Skirmisher (level 3, -5/24 HPs)
             Began as a Kobold Abyssal Knight on Dec 4, 2020.
             Was a Follower of Lugonu.
             Killed by nerve-wracking pain
             ... invoked by Jessica
              (14 damage)
             ... on level 2 of the Dungeon.
             The game lasted 00:01:29 (867 turns).

sahdkjhfkaj the Skirmisher (Kobold Abyssal Knight)   Turns: 867, Time: 00:01:30

Health: -5/24      AC: 11    Str:  9    XL:     3   Next: 0%
Magic:  4/4        EV:  3    Int: 14    God:    Lugonu [*.....]
Gold:   122        SH:  0    Dex: 14    Spells: 2/2 levels left

rFire    . . .     SeeInvis .   a - +1 short sword
rCold    . . .     Faith    .   (shield restricted)
rNeg     . . .     Spirit   .   i - +0 plate armour (curse)
rPois    .         Reflect  .   (no helmet)
rElec    .         Harm     .   h - +0 cloak
rCorr    .         Rampage  .   (no gloves)
MR       .....                  (no boots)
Stlth    ..........             (no amulet)
HPRegen  0.08/turn              (no ring)
MPRegen  0.09/turn              (no ring)

@: no status effects
A: small, nightstalker 3
a: Depart the Abyss, Renounce Religion


You were on level 2 of the Dungeon.
You worshipped Lugonu.
Lugonu was aware of your devotion.
You visited 1 branch of the dungeon, and saw 2 of its levels.
You visited the Abyss 1 time.

You collected 122 gold pieces.

Inventory:

Hand Weapons
 a - a +1 short sword (weapon)
Armour
 h - a +0 cloak (worn)
 i - a cursed +0 plate armour (worn)
Scrolls
 c - a scroll of teleportation {unknown}
 d - 2 scrolls of magic mapping
 f - a scroll of amnesia
Potions
 b - a potion of flight {unknown}
 e - a potion of brilliance
 g - a potion of might {unknown}


   Skills:
 + Level 3.7 Fighting
 + Level 3.3 Short Blades
 - Level 0.7 Armour
 - Level 2.4 Dodging
 + Level 1.8 Stealth
 - Level 2.0 Invocations


You had 2 spell levels left.
You didn't know any spells.
Your spell library was empty.

Dungeon Overview and Level Annotations

Branches:
Dungeon (2/15)

Altars:

Annotations:
D:2 Jessica


Innate Abilities, Weirdness & Mutations

You are small and have problems with some larger weapons.
You are completely attuned to the shadows.


Message History

The hobgoblin is moderately wounded.
The hobgoblin hits you but does no damage.
You hit the hobgoblin.
You kill the hobgoblin!
Lugonu accepts your kill.
You have reached level 3!
Your experience leads to an increase in your attributes!
Increase (S)trength, (I)ntelligence, or (D)exterity?
You feel clever.
Jessica points at you and mumbles some strange words.
Pain shoots through your body!
Things that are here:
a cursed -2 whip; a hobgoblin corpse; a ball python corpse You barely miss Jessica.
Jessica gestures wildly while chanting.
Jessica blinks!
Jessica casts a spell at you. Pain shoots through your body!
Ouch! That really hurt!
You die...

......>#.#..[.#
######.#.###### #........
... #..#.#### #.#
#.......# ... #.#
#....##.# ...##S###
#.......#.#
........#######.......#.#
....†...##..@.#.......#.#
........##@##.#.####.##.#
..###......§..#....#....#
#.........'....#.####
#.........######.#
#.####...........# #.#
#############


You could see Jessica (fast).

Vanquished Creatures
  2 ball pythons
  3 goblins (D:1)
  3 hobgoblins
  2 jackals (D:1)
  3 kobolds
  A bat (D:2)
  3 frilled lizards (D:1)
  2 rats (D:1)
19 creatures vanquished.

Notes
Turn   | Place    | Note
-------+----------+-------------------------------------------
     0 | Abyss:1  | sahdkjhfkaj the Kobold Abyssal Knight began the quest for
                  | the Orb.
     0 | Abyss:1  | Reached XP level 1. HP: 14/14 MP: 2/2
     0 | D:1      | Escaped the Abyss
    81 | D:1      | Reached skill level 1 in Stealth
   172 | D:1      | Reached XP level 2. HP: 19/19 MP: 3/3
   320 | D:1      | Reached * piety under Lugonu
   835 | D:2      | Noticed Jessica
   864 | D:2      | Reached XP level 3. HP: 11/24 MP: 4/4
   867 | D:2      | Killed from afar by Jessica

Illustrated notes

Levels and vault maps discovered:
D:1:      mushboom_english_gardens, layout_rooms
D:2:      layout_basic, minmay_fountain_box, uniq_jessica, uniq_robin

Skill      XL: |  1 |
---------------+----+-----
Stealth        | 1 |  1.8
Short Blades   | 3 |  3.3
Fighting       | |  3.7
Armour         | |  0.7
Dodging        | |  2.4
Invocations    | |  2.0

Action                   || total
-------------------------++-------
Melee: Short sword       ||    57
Invok: Depart the Abyss  ||     1
  Use: Scroll            ||     3
 Stab: Sleeping          ||     3
Armor: Leather armour    ||    11
       Plate armour      ||     9
Dodge: Dodged            ||    28

Table legend: (Time is in decaauts)
 A = Elapsed time spent in this place.
 B = Non-inter-level travel time spent in this place.
 C = Inter-level travel time spent in this place.
 D = Time resting spent in this place.
 E = Time spent auto-exploring this place.
 F = Levels seen in this place.
 G = Mean time per level.
                   A        B        C        D        E       F      G
               +--------+--------+--------+--------+--------+-----+--------+
         Total |    863 |    827 |     36 |      0 |    694 |   3 |  287.7 |
       Dungeon |    863 |    827 |     36 |      0 |    694 |   2 |  431.5 |
         Abyss |      0 |      0 |      0 |      0 |      0 |   1 |    0.0 |
               +--------+--------+--------+--------+--------+-----+--------+

Top non-repeatable levels by time:
     D:1: 662 daAuts
     D:2: 201 daAuts
